Map: [ESL] Dragon Scales

Players

herO - Winner!

  • Race: Protoss Protoss

Solar

  • Race: Zerg Zerg

Event: IEM Katowice 2023

VOD

Have the link to the VOD?

Description

Time

  • Played on: Feb. 9, 2023, 11:05 a.m.
  • Length: 11:06

All games in this series

Show
View Real Time Build Order
Export as new Build Order

herO Protoss - Winner!

Build Orders: 1 Gate Expand, Oracle Opening 

Get SALT Encoding   

  12  0:00  Probe  
  13  0:15  Pylon  
  13  0:17  Probe (Chrono Boost)  
  14  0:27  Probe (Chrono Boost)  
  15  0:32  Probe (Chrono Boost)  
  16  0:42  Gateway  
  16  0:44  Probe  
  16  0:47  Assimilator  
  17  0:56  Probe  
  18  1:08  Probe  
  19  1:20  Probe  
  19  1:25  Nexus  
  20  1:36  Cybernetics Core  
  20  1:38  Probe  
  21  1:45  Assimilator  
  21  1:50  Probe  
  22  1:55  Pylon  
  22  2:02  Probe  
  23  2:10  Adept (Chrono Boost)  
  23  2:15  Probe  
  26  2:17  Stargate  
  26  2:27  Probe (Chrono Boost), Warp Gate  
  27  2:32  Adept  
  29  2:37  Probe (Chrono Boost)  
  29  2:40  Probe (Chrono Boost)  
  31  2:48  Probe (Chrono Boost)  
  31  2:49  Probe (Chrono Boost)  
  33  2:53  Probe (Chrono Boost)  
  33  2:54  Probe (Chrono Boost)  
  35  2:59  Oracle (Chrono Boost)  
  35  3:04  Probe  
  35  3:05  Probe  
  40  3:09  Pylon  
  40  3:16  Gateway  
  40  3:19  Probe x2  
  42  3:28  Oracle (Chrono Boost)  
  42  3:31  Probe x2  
  47  3:44  Nexus  
  47  3:49  Probe  
  47  3:50  Pylon  
  47  3:51  Probe  
  52  4:02  Oracle (Chrono Boost)  
  52  4:03  Probe x2  
  52  4:05  Assimilator  
  52  4:08  Assimilator  
  54  4:11  Forge  
  55  4:17  Probe x2  
  55  4:19  Twilight Council  
  55  4:23  Pylon  
  56  4:29  Probe x2  
  58  4:41  Probe (Chrono Boost)  
  58  4:42  Robotics Facility, Probe (Chrono Boost)  
  58  4:43  Protoss Ground Weapons Level 1 (Chrono Boost)  
  62  4:52  Probe (Chrono Boost), Adept x2  
  62  4:53  Probe (Chrono Boost)  
  62  4:57  Probe (Chrono Boost)  
  62  4:58  Probe (Chrono Boost)  
  67  5:01  Probe  
  68  5:07  Probe  
  68  5:09  Probe  
  68  5:10  Blink  
  68  5:13  Probe  
  71  5:15  Gateway, Stalker  
  71  5:20  Probe  
  71  5:21  Gateway, Probe  
  75  5:26  Probe  
  76  5:29  Gateway  
  76  5:34  Observer (Chrono Boost), Robotics Bay  
  76  5:35  Probe x2  
  79  5:36  Pylon  
  79  5:38  Probe  
  79  5:39  Assimilator  
  79  5:41  Assimilator  
  80  5:44  Robotics Facility  
  80  5:48  Warp Prism (Chrono Boost)  
  82  5:52  Probe x2  
  82  5:53  Probe  
  82  5:56  Photon Cannon  
  85  6:01  Photon Cannon, Stalker  
  87  6:06  Probe x3  
  90  6:14  Gateway  
  90  6:15  Stalker  
  90  6:16  Observer  
  90  6:18  Pylon, Probe  
  93  6:26  Gateway  
  93  6:27  Gateway  
  93  6:33  Colossus (Chrono Boost)  
  93  6:37  Pylon  
  93  6:38  Protoss Ground Weapons Level 2 (Chrono Boost)  
  99  6:40  Pylon  
  99  6:47  Extended Thermal Lance  
  99  6:52  Colossus (Chrono Boost)  
  99  6:56  Stalker x2  
  109  7:02  Stalker x3  
  109  7:05  Pylon  
  115  7:09  Gateway  
  115  7:12  Pylon  
  115  7:13  Pylon  
  115  7:14  Stalker  
  117  7:23  Pylon  
  117  7:25  Pylon  
  117  7:27  Stalker x3  
  123  7:30  Stalker  
  125  7:38  Stalker x3  
  131  7:47  Pylon  
  131  7:49  Pylon  
  131  7:56  Stalker x5  
  138  7:58  Shield Battery  
  138  8:15  Stalker  
  138  8:16  Stalker x3  
  144  8:29  Stalker x5  
  136  8:41  Stalker  
  136  8:42  Stalker x3  
  136  8:43  Photon Cannon  
  136  8:44  Photon Cannon  
  144  9:08  Stalker x9  
  160  9:33  Stalker x2  
  160  9:34  Stalker x4  
  170  9:44  Stalker x3  
  124  10:03  Stalker x6  
  108  10:47  Cybernetics Core  
Show
View Real Time Build Order
Export as new Build Order

Solar Zerg 

Build Orders: Hatch First 

Get SALT Encoding   

  12  0:00  Drone  
  13  0:12  Overlord  
  13  0:17  Drone  
  14  0:31  Drone x2  
  16  0:49  Hatchery  
  15  0:51  Drone  
  15  0:55  Drone  
  17  0:58  Drone  
  18  1:10  Extractor  
  17  1:15  Spawning Pool  
  17  1:17  Drone  
  17  1:20  Drone  
  18  1:27  Drone  
  19  1:39  Drone  
  20  1:49  Overlord  
  20  2:01  Queen  
  20  2:02  Queen  
  20  2:03  Zergling x4  
  26  2:11  Drone  
  26  2:12  Drone  
  26  2:14  Metabolic Boost  
  28  2:24  Drone x2  
  30  2:37  Hatchery  
  30  2:39  Zergling x2  
  30  2:46  Queen  
  30  2:51  Overlord  
  32  2:54  Drone  
  32  2:55  Drone  
  32  2:58  Drone  
  35  3:01  Drone  
  36  3:09  Queen  
  36  3:11  Drone  
  39  3:14  Drone x2  
  39  3:15  Drone  
  39  3:17  Drone  
  43  3:22  Overlord  
  43  3:26  Zergling x2  
  44  3:29  Drone, Spore Crawler  
  44  3:38  Overlord  
  44  3:40  Queen  
  46  3:41  Drone  
  46  3:45  Drone x2  
  49  3:49  Drone  
  49  3:52  Queen  
  51  3:59  Drone x2  
  51  4:00  Drone  
  51  4:01  Drone  
  51  4:02  Drone x2  
  56  4:05  Evolution Chamber  
  56  4:07  Spore Crawler  
  56  4:08  Drone  
  55  4:11  Overlord  
  55  4:14  Zergling x2  
  56  4:19  Drone x3  
  56  4:20  Drone  
  56  4:21  Drone  
  61  4:26  Drone x2  
  61  4:30  Overlord  
  63  4:34  Drone x2, Zerg Melee Weapons Level 1  
  63  4:36  Drone  
  63  4:37  Drone  
  64  4:39  Drone  
  64  4:43  Overlord  
  65  4:49  Drone x2, Roach Warren  
  65  4:51  Drone  
  65  4:52  Drone  
  68  4:57  Zergling x8  
  68  4:58  Zergling x2  
  68  5:07  Drone x2  
  68  5:09  Drone  
  68  5:12  Lair  
  70  5:16  Extractor, Drone x2  
  70  5:17  Extractor, Hatchery  
  70  5:20  Drone, Spore Crawler  
  69  5:22  Drone x2  
  69  5:26  Drone x3  
  69  5:27  Drone  
  75  5:29  Drone  
  75  5:31  Extractor, Drone  
  75  5:32  Extractor, Drone  
  75  5:33  Drone  
  75  5:35  Drone x2  
  78  5:36  Drone  
  78  5:41  Drone  
  78  5:42  Extractor  
  80  5:43  Overlord  
  80  5:45  Drone  
  80  5:49  Drone x2  
  81  5:55  Overlord  
  81  5:56  Overlord  
  81  5:57  Overlord  
  81  6:03  Drone x2  
  83  6:05  Drone  
  83  6:06  Drone x3  
  83  6:07  Drone  
  83  6:09  Zergling x4  
  89  6:12  Overlord, Spire  
  89  6:13  Drone  
  89  6:15  Overseer  
  89  6:16  Zergling x2  
  89  6:17  Drone  
  90  6:22  Overseer  
  90  6:27  Overlord x2  
  90  6:29  Drone x2  
  90  6:30  Drone  
  91  6:32  Drone  
  91  6:33  Drone  
  91  6:35  Extractor, Zergling x8  
  91  6:37  Zergling x4  
  91  6:39  Zergling x4  
  98  6:42  Overlord  
  98  6:43  Zergling x2  
  99  6:50  Spore Crawler  
  96  7:01  Drone x3  
  96  7:03  Extractor  
  96  7:04  Drone  
  97  7:10  Drone x3  
  97  7:11  Drone  
  99  7:15  Drone  
  99  7:19  Drone  
  100  7:23  Mutalisk x11  
  100  7:26  Mutalisk  
  124  7:31  Mutalisk x2  
  124  7:35  Overlord  
  124  7:36  Zerg Flyer Weapons Level 1  
  128  7:37  Drone  
  128  7:39  Drone x2  
  128  7:41  Mutalisk  
  133  7:46  Mutalisk  
  133  7:48  Overlord  
  133  7:50  Mutalisk  
  136  7:53  Zergling x4  
  136  7:56  Overlord  
  138  8:00  Mutalisk x2  
  139  8:05  Mutalisk x2  
  139  8:08  Zergling x6  
  139  8:12  Overlord  
  140  8:13  Mutalisk  
  140  8:15  Mutalisk  
  140  8:16  Zergling x2  
  146  8:20  Zergling x2  
  143  8:28  Mutalisk x2  
  143  8:32  Hatchery  
  142  8:35  Zergling x8  
  142  8:39  Mutalisk x2  
  148  8:46  Zergling x6  
  151  8:50  Mutalisk  
  151  8:54  Zergling x2  
  151  8:55  Overlord  
  154  8:56  Overlord  
  154  8:59  Overlord  
  152  9:05  Mutalisk x3  
  152  9:09  Mutalisk  
  148  9:13  Zergling x6  
  151  9:19  Zergling x12  
  151  9:22  Overlord  
  155  9:25  Mutalisk  
  157  9:33  Zergling x4  
  157  9:38  Mutalisk x3  
  141  9:39  Zergling x4  
  141  9:44  Mutalisk, Zergling x2  
  141  9:45  Zergling x4  
  127  9:48  Mutalisk  
  127  9:49  Zergling x6  
  97  10:08  Hatchery  
  92  10:20  Zergling x2  
  89  10:27  Zergling x4  
  87  10:30  Zergling x2  
  87  10:35  Zergling x2  
  79  10:42  Zergling x2  
  79  10:45  Zergling x2  

Tags
 
Add a new tag
Caveats
  • Supply blocks, unpowered buildings, or Contaminate may cause inaccurate times.
  • Supply counts are checked every 10 seconds.